 Dungeon Crawl Stone Soup version 0.27.0-1-g7a089689b8 (webtiles) character file.

Game seed: 2429948730394217110

54 sanka the Changer (level 3, -9/17 HPs)
             Began as a Spriggan Transmuter on Aug 7, 2021.
             Was a Follower of Jiyva.
             Killed from afar by an orc wizard (11 damage)
             ... with a puff of flame
             ... on level 3 of the Dungeon.
             The game lasted 00:04:04 (3451 turns).

sanka the Changer (Spriggan Transmuter)             Turns: 3451, Time: 00:04:04

Health: -9/17      AC:  2    Str:  6    XL:     3   Next: 66%
Magic:  8/8        EV: 17    Int: 14    God:    Jiyva [*.....]
Gold:   119        SH:  0    Dex: 16    Spells: 4/8 levels left

rFire    . . .     SeeInvis +   e - +1 dagger (venom)
rCold    . . .     Faith    .   (shield restricted)
rNeg     . . .     Spirit   .   a - +0 robe
rPois    .         Reflect  .   (helmet restricted)
rElec    .         Harm     .   (no cloak)
rCorr    .         Rampage  .   (gloves unavailable)
Will     .....                  (boots unavailable)
Stlth    +.........             (no amulet)
HPRegen  0.05/turn              (no ring)
MPRegen  0.11/turn              (no ring)

@: very quick
A: very small, no large weapons, unfitting armour, see invisible, speed 3
a: Renounce Religion, Request Jelly


You were on level 3 of the Dungeon.
You worshipped Jiyva.
Jiyva was aware of your devotion.
You visited 1 branch of the dungeon, and saw 3 of its levels.

You collected 119 gold pieces.


Innate Abilities, Weirdness & Mutations

You are very small and have problems with some larger weapons.
You are too small for most types of armour.
You have supernaturally acute eyesight. (SInv)
You cover ground extremely quickly. (Speed+++)


   Skills:
 - Level 0.7 Fighting
 - Level 2.6 Dodging
 - Level 2.4 Unarmed Combat
 - Level 3.0 Spellcasting
 + Level 5.0 Transmutations
 + Level 1.0 Poison Magic


You had 4 spell levels left.
You knew the following spells:

 Your Spells              Type           Power      Damage    Failure   Level
x - Spider Form           Tmut/Pois      5%         N/A       19%         3
z - Beastly Appendage     Tmut           32%        N/A       2%          1

Your spell library contained the following spells:

 Spells                   Type           Power      Damage    Failure   Level
 Wereblood                Tmut           16%        N/A       4%          2
 Corona                   Hex            2%         N/A       22%         1
 Ensorcelled Hibernation  Hex/Ice        4%         N/A       32%         2
 Tukima's Dance           Hex            2%         N/A       54%         3
 Ice Form                 Ice/Tmut       9%         N/A       58%         4
 Shadow Creatures         Summ           N/A        N/A       100%        6

Inventory:

Hand Weapons
 e - a +1 dagger of venom (weapon)
Armour
 a - a +0 robe (worn)
Scrolls
 d - a scroll of brand weapon {unknown}
 f - a scroll of acquirement {unknown}
 g - a scroll of summoning {unknown}
 j - a scroll of noise {unknown}
 k - a scroll of magic mapping {unknown}
Potions
 b - a potion of curing {@q1}
 c - a potion of haste {unknown}
 h - a potion of might {unknown}
 i - a potion of attraction {unknown}

Dungeon Overview and Level Annotations

Branches:
Dungeon (3/15)

Altars:
Jiyva

Shops:
D:2 [

Annotations:
D:3 Grinder

▒▒▒▒▒▒▒ ▒. ▒.....▒ ▒.
▒.....▒▒▒▒▒ ▒.
▒.........▒ ▒.
▒......▒▒.▒ ▒.
▒......▒▒.▒ ▒.
▒.....▒▒▒.▒ ▒▒
▒▒▒▒......▒▒▒▒▒▒▒▒▒
▒▒▒▒▒
▒..▒▒▒.▒.i.....▒
▒.[..
▒..▒...▒.▒▒▒▒▒.▒▒▒
▒....
▒...▒.†▒.▒.......▒
▒....
▒▒▒▒..▒..oo▒▒.▒.▒▒>▒
▒▒▒▒▒
▒.....▒....o..▒... ▒.
▒▒▒.▒...▒▒▒▒▒▒▒▒▒▒▒▒▒
▒. ▒.........▒ ▒.
▒.▒▒....▒.▒ ▒▒
▒.▒▒▒▒▒.▒.▒▒▒▒


You could see an orc wizard (very poisoned) and an orc.


Message History

Your Transmutations skill increases to level 5!
Your Poison Magic skill increases to level 1!
Unknown command.
The orc wizard completely misses you.
You closely miss the orc wizard. The orc closely misses you.
The orc wizard gestures at you while chanting.
You are confused.
Things that are here:
a +0 hand axe; an orc corpse You bump into the rock wall.
The orc hits you with a +0 war axe!
Ouch! That really hurt!
* * * LOW HITPOINT WARNING * * *
The orc wizard misses you.
It was a potion of curing.
The orc wizard barely misses you.
You closely miss the orc wizard. The orc hits you with a +0 war axe.
The orc wizard points at you and mumbles some strange words.
The magic dart hits you!
* * * LOW HITPOINT WARNING * * *
You hit the orc wizard.
The orc wizard is poisoned.
The orc wizard is lightly wounded.
Unknown command.
The orc wizard points at you and mumbles some strange words.
The puff of flame hits you!
Ouch! That really hurt!
You die...

Action                   || total
-------------------------++-------
Melee: Unarmed           ||    49
       Kick              ||    13
       Headbutt          ||     6
       Dagger            ||    72
       Punch             ||     1
 Cast: Beastly Appendage ||    15
  Use: Potion            ||     1
 Stab: Sleeping          ||     2
Armor: Robe              ||     7
Dodge: Dodged            ||   104

Levels and vault maps discovered:
D:1:      giann_forest_graveyard, layout_basic, serial_glass, glass_columns_a,
          glass_columns_a
D:2:      layout_basic, ebering_ecumenical_altar_box, serial_shops,
          nicolae_shop_stone, serial_park_tiny_2, minmay_crystal_room,
          corexii_leaking_fountain, st_stairs_8
D:3:      layout_basic, uniq_grinder

Notes
Turn   | Place    | Note
-------+----------+-------------------------------------------
     0 | D:1      | sanka the Spriggan Transmuter began the quest for the Orb.
     0 | D:1      | Reached XP level 1. HP: 9/9 MP: 5/5
   294 | D:1      | Reached skill level 3 in Spellcasting
   294 | D:1      | Reached skill level 3 in Transmutations
   565 | D:1      | Reached XP level 2. HP: 3/14 MP: 5/7
  1459 | D:2      | Reached skill level 4 in Transmutations
  1497 | D:2      | Found Komat's Armour Emporium.
  1874 | D:2      | Found a faded altar of an unknown god.
  1916 | D:2      | Became a worshipper of Jiyva Juzucs the Shapeless
  1916 | D:2      | Reached * piety under Jiyva
  2307 | D:2      | Reached XP level 3. HP: 14/17 MP: 8/8
  2448 | D:2      | Learned a level 3 spell: Spider Form
  2969 | D:3      | Noticed Grinder
  3438 | D:3      | Reached skill level 5 in Transmutations
  3438 | D:3      | Reached skill level 1 in Poison Magic
  3451 | D:3      | Killed from afar by an orc wizard

Vanquished Creatures
  An adder (D:3)
  A worm (D:2)
  A dart slug (D:3)
  An orc (D:3)
  3 bats
  4 endoplasms
  2 giant cockroaches (D:1)
  3 hobgoblins
  3 jackals (D:2)
  A quokka (D:1)
  8 ball pythons
  2 goblins
  6 kobolds
  3 rats
39 creatures vanquished.

Vanquished Creatures (others)
  A worm (D:2)
  A quokka (D:3)
  A kobold (D:3)
3 creatures vanquished.

Grand Total: 42 creatures vanquished
